 Dungeon Crawl Stone Soup version 0.31-a0-726-g3c93526463 (webtiles) character file.

Game seed: 7553239640429273090

2026 Descartes the Ducker (level 9, -1/40 HPs)
             Began as a Felid Shapeshifter on Sept 11, 2023.
             Succumbed to a gnoll sergeant's poison
             ... on level 7 of the Dungeon.
             The game lasted 00:07:47 (6492 turns).

Descartes the Ducker (Felid Shapeshifter)           Turns: 6492, Time: 00:07:47

Health: -1/40      AC:  2    Str: 14    XL:     9   Next: 3%
Magic:  10/10      EV: 21    Int: 11    God:
Gold:   417        SH:  0    Dex: 16    Spells: 8/8 levels left
                                        Lives:  0   Deaths: 3

rFire   . .          .
                       - Unarmed
rCold   . . .        (shield unavailable)
rNeg    . . .        (body armour unavailable)
rPois   .            (helmet unavailable)
rElec   .            (cloak unavailable)
rCorr   .            (gloves unavailable)
SInv    +            (boots unavailable)
Will    +....        (no amulet)
Stlth   +++          (no ring)
HPRegen 0.26/turn    (no ring)
MPRegen 0.12/turn

%: no passive effects
@: lethally poisoned (-1 -> -30), beast-form, quick
A: beast (slay +3), very small, claws 1, fangs 3, see invisible, speed 1, shaggy
fur 2, stealthy paws, no weapons or thrown items, no armour, multi-lived
a: Begin Untransformation


You were on level 7 of the Dungeon.
You were a hulking beast.
You visited 2 branches of the dungeon, and saw 8 of its levels.

You collected 417 gold pieces.

Inventory:

Jewellery
 o - a ring of ice
Talismans
 b - a beast talisman (active)
 c - a flux talisman
Wands
 x - a wand of roots (21)
Scrolls
 d - 3 scrolls of immolation {unknown}
 e - 2 scrolls of teleportation {unknown}
 g - a scroll of blinking {unknown}
 i - a scroll of poison {unknown}
 j - 3 scrolls of identify {unknown}
 k - a scroll of revelation {unknown}
 l - a scroll of amnesia {unknown}
 n - a scroll of fog {unknown}
 q - a scroll of brand weapon {unknown}
 t - 2 scrolls of vulnerability {unknown}
Potions
 a - 3 potions of lignification
 f - 2 potions of might {unknown}
 h - 2 potions of ambrosia {unknown}
 m - a potion of mutation {unknown}
 p - a potion of curing {unknown}
 r - 3 potions of attraction {unknown}
 s - a potion of haste {unknown}
 u - a potion of degeneration {unknown}
 v - a potion of heal wounds {unknown}
 w - a potion of brilliance {unknown}


   Skills:
 + Level 5.5 Fighting
 + Level 7.7 Dodging
 - Level 5.0 Stealth
 + Level 6.4 Unarmed Combat
 + Level 6.5 Shapeshifting


You had 8 spell levels left.
You didn't know any spells.
Your spell library contained the following spells:

 Spells                   Type           Power      Damage    Failure   Level
 Dazzling Flash           Conj/Hex       0%         N/A       71%         3
 Volatile Blastmotes      Fire/Tloc      0%         2d10      71%         3
 Starburst                Conj/Fire      0%         6d3       100%        6
 Haunt                    Necr/Summ      0%         N/A       100%        7
 Borgnjor's Revivificati  Necr           0%         N/A       100%        8
 Maxwell's Capacitive Co  Air            0%         ∞         100%        8
 Death's Door             Necr           0%         N/A       100%        9


Dungeon Overview and Level Annotations

Branches:
Dungeon (7/15)             Temple (1/1) D:6

Altars:
Ashenzari
Cheibriados
Dithmenos
Elyvilon
Fedhas
Gozag
Hepliaklqana
Kikubaaqudgha
Makhleb
Nemelex Xobeh
Okawaru
Qazlal
Ru
Sif Muna
Trog
Uskayaw
Vehumet
Wu Jian
Xom
Yredelemnul
Zin
The Shining One

Shops:
D:6 :


Innate Abilities, Weirdness & Mutations

You are a hulking beast.
Your limbs bulge with bestial killing power. (Slay +3)
You have sharp claws.
You have razor-sharp teeth.
You have supernaturally acute eyesight. (SInv)
You cover ground quickly. (Speed+)
You are covered in thick fur. (AC +2)
Your paws help you pounce on unaware monsters.
You are incapable of wielding weapons or throwing items.
You cannot wear armour.
You gain extra lives every three experience levels.


Message History

You kill the wyvern!
You have reached level 9!
Your experience leads to an increase in your attributes!
Increase (S)trength, (I)ntelligence, or (D)exterity?
You feel stronger. x2
You now have 417 gold pieces (gained 16).
x - a wand of roots (21) (gained 12 charges)
A gnoll is nearby!
The gnoll shouts!
Found 29 gold pieces.
You claw the gnoll!
The gnoll is almost dead.
The gnoll sergeant hits you from afar with a +4 trident of venom!
You are poisoned.
The gnoll misses you.
You scratch the gnoll.
You kill the gnoll!
You feel very sick.
The gnoll sergeant hits you from afar with a +4 trident of venom!
* * * LOW HITPOINT WARNING * * *
You are lethally poisoned!
You are too injured to fight recklessly!
You are too injured to fight recklessly!
You are too injured to fight recklessly!
You are too injured to fight recklessly!
You are too injured to fight recklessly!
You are too injured to fight recklessly!
You are too injured to fight recklessly!
You are too injured to fight recklessly!
You are too injured to fight recklessly!
You are too injured to fight recklessly!
You are too injured to fight recklessly!
You are too injured to fight recklessly!
You are too injured to fight recklessly!
You are too injured to fight recklessly!
Unknown command.
* * * LOW HITPOINT WARNING * * *
You feel very sick. The gnoll attacks as it pursues you!
The gnoll completely misses you.
You die...

#.$........###
#$...........#
#............#
'............#
####............# #.....#
#.<#.....)......# #.....#
#)#######gg.....###.....#
#g.ggg..#.......#.......##
#######.#...h...#.#......#
#..................#
.......##........#._.#...#
######. #................#
#. #######...####...####
.. .....'.............. #.
######...####...#### ..
#...# #...# # .. #####
#...# #


You could see a gnoll sergeant and a gnoll.

Vanquished Creatures
  Sigmund (D:6)
  A wyvern (D:7)
  Menkaure (D:6)
  4 ice beasts
  A black bear (D:5)
  An ogre (D:6)
  A centaur (D:6)
  A phantom (D:7)
  Blork the orc (D:6)
  A scorpion (D:5)
  A bullfrog (D:6)
  2 jellies
  4 orc priests
  A sleepcap (D:6)
  A gnoll bouda (D:6)
  2 hounds
  Natasha (thrice) (D:4)
  An orc wizard (D:4)
  6 gnolls
  10 adders
  2 white imps
  An ufetubus (D:3)
  4 worms (D:2)
  A dart slug (D:3)
  20 orcs
  7 bats
  9 endoplasms
  3 giant cockroaches
  10 goblins
  6 hobgoblins
  4 quokkas
  8 ball pythons
  2 frilled lizards (D:1)
  8 kobolds
  7 rats
136 creatures vanquished.

Notes
Turn   | Place    | Note
-------+----------+-------------------------------------------
     0 | D:1      | Descartes the Felid Shapeshifter began the quest for the
                  | Orb.
     0 | D:1      | Reached XP level 1. HP: 9/9 MP: 2/2
   180 | D:1      | Reached skill level 1 in Stealth
   180 | D:1      | Reached XP level 2. HP: 11/12 MP: 3/3
   207 | D:1      | Reached skill level 3 in Dodging
   569 | D:1      | Reached XP level 3. HP: 15/15 MP: 4/4
   996 | D:2      | Reached XP level 4. HP: 19/19 MP: 5/5
  1590 | D:3      | Identified the +2 war axe "Grim" {vamp, rF- rN+ Str+2
                  | Int+4}
  1669 | D:3      | Found a radiant altar of Vehumet.
  1914 | D:3      | Found a glowing golden altar of the Shining One.
  1914 | D:3      | Found a basalt altar of Yredelemnul.
  1915 | D:3      | Found a blossoming altar of Fedhas.
  1925 | D:3      | Found an opulent altar of Gozag.
  1971 | D:3      | Reached XP level 5. HP: 22/22 MP: 6/6
  2292 | D:4      | Reached skill level 4 in Dodging
  2296 | D:4      | Slain by an orc
  2325 | D:4      | Noticed Natasha
  2336 | D:4      | Killed Natasha
  3080 | D:4      | Noticed Natasha
  3084 | D:4      | Killed Natasha
  3085 | D:4      | Gained mutation: You are covered in thick fur. (AC +2)
                  | [Felid growth]
  3085 | D:4      | Reached XP level 6. HP: 26/27 MP: 7/7
  3366 | D:4      | Noticed Natasha
  3373 | D:4      | Killed Natasha
  3583 | D:5      | Entered Level 5 of the Dungeon
  3752 | D:5      | Found a shimmering altar of Xom.
  3790 | D:5      | Noticed an ice beast
  3801 | D:5      | Killed an ice beast
  3884 | D:5      | Noticed an ice beast
  3886 | D:5      | Killed an ice beast
  3887 | D:5      | Reached skill level 5 in Dodging
  3887 | D:5      | Reached XP level 7. HP: 31/31 MP: 8/8
  4408 | D:5      | Reached skill level 5 in Stealth
  4518 | D:5      | Found a broken altar of Ashenzari.
  4620 | D:6      | Found a staircase to the Ecumenical Temple.
  4659 | D:6      | Reached skill level 5 in Shapeshifting
  4672 | D:6      | HP: 1/31 [orc priest/+2 whip of freezing (2)]
  4672 | D:6      | Slain by an orc priest
  4815 | D:6      | Noticed Menkaure
  4816 | D:6      | Noticed Sigmund
  4825 | D:6      | Killed Menkaure
  4826 | D:6      | Reached skill level 5 in Unarmed Combat
  4954 | D:6      | Killed Sigmund
  4955 | D:6      | Reached skill level 6 in Dodging
  4955 | D:6      | Reached XP level 8. HP: 36/36 MP: 9/9
  5052 | D:6      | Noticed Blork the orc
  5175 | D:6      | Found Ruomp's Book Shop.
  5472 | D:6      | Killed Blork the orc
  5653 | D:6      | Reached skill level 7 in Dodging
  5771 | Temple   | Entered the Ecumenical Temple
  5804 | D:6      | Reached skill level 5 in Fighting
  6164 | D:6      | Succumbed to a gnoll sergeant's poison
  6446 | D:7      | Found an ancient bone altar of Kikubaaqudgha.
  6456 | D:7      | Reached XP level 9. HP: 36/40 MP: 10/10
  6492 | D:7      | Succumbed to a gnoll sergeant's poison

Illustrated notes

Levels and vault maps discovered:
D:1:      lightli_arrival_isolated_outpost, layout_basic, chequers_garden
D:2:      layout_loops_ring
D:3:      layout_basic, mainiacjoe_overflow_concentric_impassable,
          nicolae_overflow_quartered_altars
D:4:      layout_basic, uniq_natasha
D:5:      layout_loops_corners, mainiacjoe_overflow_cross_hatched,
          mainiacjoe_overflow_six_doors_small
D:6:      nicolae_cairo_tiling_large_dashed, layout_basic, temple_fountains,
          serial_shops, shop, uniq_blork_the_orc, uniq_sigmund, uniq_menkaure
D:7:      layout_basic, mainiacjoe_overflow_tiny_flanked
Temple:   dpeg_chambers_temple

Skill      XL: |  1  2  3  4  5  6  7  8 |
---------------+-------------------------+-----
Stealth        | 1 2 3 4 5 |  5.0
Dodging        | 3 4 5 6 7 |  7.7
Fighting       | 2 3 4 5 |  5.5
Shapeshifting  | 4 5 6 |  6.5
Unarmed Combat | 4 5 6 |  6.4

Action                     |  1- 3 |  4- 6 |  7- 9 || total
---------------------------+-------+-------+-------++-------
  Melee: Unarmed           |    81 |   148 |   189 ||   418
         Punch             |     2 |     2 |     8 ||    12
         Bite              |     6 |    12 |    21 ||    39
   Stab: Sleeping          |     6 |    14 |     2 ||    22
         Distracted        |       |     1 |       ||     1
 Armour: Skin              |    12 |    37 |    55 ||   104
  Dodge: Dodged            |    45 |   110 |   183 ||   338

Table legend: (Time is in decaauts)
 A = Elapsed time spent in this place.
 B = Non-inter-level travel time spent in this place.
 C = Inter-level travel time spent in this place.
 D = Time resting spent in this place.
 E = Time spent auto-exploring this place.
 F = Levels seen in this place.
 G = Mean time per level.
                   A        B        C        D        E       F      G
               +--------+--------+--------+--------+--------+-----+--------+
         Total |   5567 |   5422 |    145 |      5 |   4361 |   8 |  695.9 |
       Dungeon |   5565 |   5420 |    145 |      5 |   4361 |   7 |  795.0 |
        Temple |      1 |      1 |      0 |      0 |      0 |   1 |    1.0 |
               +--------+--------+--------+--------+--------+-----+--------+

Top non-repeatable levels by time:
     D:4: 1192 daAuts
     D:5: 1172 daAuts
     D:6: 1063 daAuts
     D:1: 700 daAuts
     D:3: 612 daAuts
     D:2: 562 daAuts
     D:7: 261 daAuts
  Temple: 1 daAuts
